 Dungeon Crawl Stone Soup version 0.27-a0-972-gd1521fd518 (webtiles) character file.

Game seed: 16553833357646416200

1453 tardwrangler69 the Geomancer (level 8, -2/57 HPs)
             Began as a White Draconian Earth Elementalist on Apr 13, 2021.
             Slain by an orc warrior
             ... wielding a +0 trident
              (11 damage)
             ... on level 6 of the Dungeon.
             The game lasted 00:05:11 (8783 turns).

tardwrangler69 the Geomancer (DrEE)                 Turns: 8783, Time: 00:05:12

Health: -2/57      AC:  6    Str: 10    XL:     8   Next: 47%
Magic:  14/16      EV: 12    Int: 17    God:
Gold:   220        SH:  0    Dex: 13    Spells: 14/18 levels left

rFire    . . .     SeeInvis .   n - +2 trident (vorpal)
rCold    + . .     Faith    .   (no shield)
rNeg     . . .     Spirit   .   (armour unavailable)
rPois    .         Reflect  .   (helmet restricted)
rElec    .         Harm     .   (no cloak)
rCorr    .         Rampage  .   (no gloves)
Will     .....                  (no boots)
Stlth    ++........             r - amulet of magic regeneration
HPRegen  0.19/turn              (no ring)
MPRegen  0.40/turn              (no ring)

@: no status effects
A: breathe frost, AC +6, unfitting armour, cold resistance 1, cold-blooded
a: Breathe Frost


You were on level 6 of the Dungeon.
You visited 1 branch of the dungeon, and saw 6 of its levels.

You collected 220 gold pieces.

Inventory:

Hand Weapons
 n - a +2 vorpal trident (weapon)
Missiles
 b - 82 stones
 l - 4 atropa-tipped darts
Jewellery
 r - an amulet of magic regeneration (around neck)
 s - an amulet of the acrobat
Wands
 m - a wand of mindburst (8)
Scrolls
 a - 3 scrolls of teleportation {unknown}
 c - a scroll of torment {unknown}
 e - 2 scrolls of noise {unknown}
 j - 5 scrolls of identify {unknown}
 k - a scroll of fog {unknown}
 q - a scroll of fear {unknown}
Potions
 d - 3 potions of might {unknown}
 f - 2 potions of attraction {unknown}
 g - 2 potions of curing {unknown}
 h - a potion of brilliance {unknown}
 i - 2 potions of flight {unknown}
 o - a potion of haste {unknown}
 p - 2 potions of heal wounds {unknown}


   Skills:
 - Level 1.7 Dodging
 - Level 1.7 Stealth
 + Level 5.8 Spellcasting
 - Level 1.0 Transmutations
 * Level 9.2 Earth Magic


You had 14 spell levels left.
You knew the following spells:

 Your Spells              Type           Power      Damage    Failure   Level
a - Sandblast             Erth           72%        2d16      1%          1
b - Stone Arrow           Conj/Erth      40%        3d9       6%          3

Your spell library contained the following spells:

 Spells                   Type           Power      Damage    Failure   Level
 Passwall                 Tmut/Erth      18%        N/A       2%          2
 Lee's Rapid Deconstruct  Erth           18%        3d12*     9%          5
 Petrify                  Tmut/Erth      22%        N/A       16%         4


Dungeon Overview and Level Annotations

Branches:
Dungeon (6/15)
 Temple: D:4-7

Altars:
Ashenzari
Gozag
Uskayaw
The Shining One


Innate Abilities, Weirdness & Mutations

You can breathe waves of freezing cold which knock back foes.
Your icy white scales are hard. (AC +6)
You cannot fit into any form of body armour.
Your flesh is cold resistant. (rC+)
You are cold-blooded and may be slowed by cold attacks.


Message History

The orc warrior hits you from afar with a +0 trident!
The orc hits you but does no damage. The orc closely misses you.
You are too injured to fight recklessly!
You are too injured to fight recklessly!
You are too injured to fight recklessly!
You are too injured to fight recklessly!
You are too injured to fight recklessly!
You are too injured to fight recklessly!
You are too injured to fight recklessly!
You are too injured to fight recklessly!
You are too injured to fight recklessly!
You are too injured to fight recklessly!
You are too injured to fight recklessly!
You are too injured to fight recklessly!
You are too injured to fight recklessly!
You are too injured to fight recklessly!
You are too injured to fight recklessly!
You are too injured to fight recklessly!
You are too injured to fight recklessly!
You are too injured to fight recklessly!
Casting: Sandblast (safe; 1% risk of failure)
Confirm with . or Enter, or press ? or * to list all spells.
Aiming: Sandblast (safe; 1% risk of failure)
Press: ? - help, Shift-Dir - straight line, f/p - orc warrior
Aim: an orc warrior, wielding a +0 trident and wearing a +0 plate armour (heavily wounded, 18% to evade)
The blast of sand hits the orc!!
You kill the orc!
The orc warrior hits you from afar with a +0 trident!
* * * LOW HITPOINT WARNING * * *
The orc hits you with a +0 club.
* * * LOW HITPOINT WARNING * * *
Casting: Sandblast (safe; 1% risk of failure)
Confirm with . or Enter, or press ? or * to list all spells.
Aiming: Sandblast (safe; 1% risk of failure)
Press: ? - help, Shift-Dir - straight line, f/p - orc warrior
Aim: an orc warrior, wielding a +0 trident and wearing a +0 plate armour (heavily wounded, 18% to evade)
The blast of sand hits the orc warrior!
The orc warrior is severely wounded.
The orc warrior hits you from afar with a +0 trident!
You die...

## #..##..##..##..#......##.# #
##..######''##.......###### #
#..## #≈..8#..##........#
####..## ##__##...........##
.#.....####.#⌠⌠#...........##
....#.......####...........#
..#####.....###....#......#####
#.# #.....#...o..##.....# #.#
#.# ##......o)@...#....####.#
#.### #.......###.......###.##
#...####....#### #...........##
#..........## ##.###..#####.#
#.........## #..# ##.# ###
..>.......# ##..# #.##
..........# #...# #..#
..........# ##...# ##.#
..........## ##....# #.##


You could see an orc warrior and an orc.

Vanquished Creatures
  A necrophage (D:6)
  2 ogres
  3 black bears
  A phantom (D:5)
  A bullfrog (D:6)
  2 water moccasin skeletons (D:6)
  A wyvern skeleton (D:5)
  2 howler monkeys
  A jelly (D:4)
  5 hounds
  A gnoll shaman (D:5)
  An orc priest (D:5)
  An iguana (D:4)
  2 orc wizards
  A hound skeleton (D:4)
  A howler monkey skeleton (D:5)
  2 adders
  7 gnolls (D:5)
  A shadow imp (D:6)
  An ufetubus (D:6)
  An adder skeleton (D:4)
  A worm (D:2)
  2 dart slugs (D:3)
  25 orcs
  6 bats
  11 endoplasms
  2 giant cockroaches
  7 goblins
  5 hobgoblins
  2 jackals (D:4)
  6 kobolds
  4 quokkas
  4 ball pythons
  4 frilled lizards
  A jackal skeleton (D:4)
  9 rats
127 creatures vanquished.

Notes
Turn   | Place    | Note
-------+----------+-------------------------------------------
     0 | D:1      | tardwrangler69 the Draconian Earth Elementalist began the
                  | quest for the Orb.
     0 | D:1      | Reached XP level 1. HP: 14/14 MP: 3/3
   605 | D:1      | Reached XP level 2. HP: 20/20 MP: 5/5
  1382 | D:2      | Reached XP level 3. HP: 10/26 MP: 1/6
  1630 | D:2      | Reached skill level 4 in Earth Magic
  2749 | D:3      | Noticed a +0 dagger
  2749 | D:3      | Noticed a +0 dagger
  2750 | D:3      | Found a hide-covered altar of Uskayaw.
  2845 | D:3      | Reached XP level 4. HP: 17/33 MP: 8/8
  3011 | D:3      | Found a faded altar of an unknown god.
  4406 | D:4      | Noticed an ogre
  4411 | D:4      | Killed an ogre
  4412 | D:4      | Reached skill level 5 in Earth Magic
  4412 | D:4      | Reached XP level 5. HP: 38/38 MP: 4/10
  4493 | D:4      | Reached XP level 6. HP: 21/45 MP: 8/11
  4792 | D:4      | Reached skill level 6 in Earth Magic
  5468 | D:5      | Entered Level 5 of the Dungeon
  5491 | D:5      | Your scales start taking on an icy white colour.
  5491 | D:5      | Reached XP level 7. HP: 36/50 MP: 5/13
  5491 | D:5      | Gained mutation: Your flesh is cold resistant. (rC+) [White
                  | Draconian growth]
  5731 | D:5      | Reached skill level 7 in Earth Magic
  6892 | D:5      | Reached skill level 5 in Spellcasting
  6892 | D:5      | Reached skill level 8 in Earth Magic
  7227 | D:5      | Reached XP level 8. HP: 49/57 MP: 15/15
  7518 | D:5      | Learned a level 3 spell: Stone Arrow
  8320 | D:6      | Found an opulent altar of Gozag.
  8558 | D:6      | Reached skill level 9 in Earth Magic
  8577 | D:6      | Found a broken altar of Ashenzari.
  8577 | D:6      | Found a glowing golden altar of the Shining One.
  8783 | D:6      | Slain by an orc warrior

Illustrated notes

Levels and vault maps discovered:
D:1:      erik_arrival_triangle_medium, layout_loops_cross
D:2:      layout_rooms
D:3:      layout_loops_corners, dancing_weapons_uskayaw,
          hellmonk_ecumenical_altar_run_dry, kennysheep_cross_room,
          dk_noncrumbling_3
D:4:      black_bear_nest_2, layout_basic, grunt_ministairs_8,
          hangedman_abyss_or_decor_passed
D:5:      layout_loops_corners
D:6:      layout_layer_cave, grunt_gozag_statues,
          gammafunk_temple_overflow_wave, minmay_temple_entry_fiery,
          glass_columns_a

Skill      XL: |  1  2  3  4  5  6  7  8 |
---------------+-------------------------+-----
Earth Magic    | 4 5 6 8 9 |  9.2
Spellcasting   | 3 4 5 |  5.8
Dodging        | |  1.7
Stealth        | |  1.7
Transmutations | |  1.0

Action                   |  1- 3 |  4- 6 |  7- 9 || total
-------------------------+-------+-------+-------++-------
Melee: Unarmed           |    27 |       |       ||    27
       Dagger            |    11 |       |       ||    11
       Tailslap          |    13 |    15 |    18 ||    46
       Short sword       |   125 |    56 |       ||   181
       Trident           |       |    34 |   154 ||   188
 Cast: Sandblast         |     7 |    28 |    47 ||    82
 Stab: Sleeping          |     2 |     5 |     4 ||    11
Armor: Skin              |    55 |    41 |    49 ||   145
Dodge: Dodged            |    92 |    79 |   135 ||   306

Table legend: (Time is in decaauts)
 A = Elapsed time spent in this place.
 B = Non-inter-level travel time spent in this place.
 C = Inter-level travel time spent in this place.
 D = Time resting spent in this place.
 E = Time spent auto-exploring this place.
 F = Levels seen in this place.
 G = Mean time per level.
                   A        B        C        D        E       F      G
               +--------+--------+--------+--------+--------+-----+--------+
         Total |   8860 |   8744 |    116 |      0 |   7804 |   6 | 1476.7 |
       Dungeon |   8860 |   8744 |    116 |      0 |   7804 |   6 | 1476.7 |
               +--------+--------+--------+--------+--------+-----+--------+

Top non-repeatable levels by time:
     D:5: 2098 daAuts
     D:3: 1469 daAuts
     D:4: 1371 daAuts
     D:1: 1369 daAuts
     D:2: 1288 daAuts
     D:6: 1262 daAuts
